 Dungeon Crawl Stone Soup version 0.29.0-4-gdea44cf6ec (webtiles) character file.

Game seed: 17027836725873823358

654 qw the Chopper (level 7, 0/34 (41) HPs)
             Began as a Tengu Warper on Aug 29, 2022.
             Slain by Duvessa
             ... wielding a +4 rapier of draining
              (10 damage)
             ... on level 5 of the Dungeon.
             The game lasted 00:00:28 (4758 turns).

qw the Chopper (Tengu Warper)                       Turns: 4758, Time: 00:00:29

HP:   0/34 (41)     AC: 10    Str: 14    XL:     7   Next: 54%
MP:   11/11         EV:  8    Int: 13    God:
Gold: 145           SH:  0    Dex: 13    Spells: 10/10 levels left

rFire   . . .      SeeInvis +   Y - +1 hand axe
rCold   . . .      Faith    .   (no shield)
rNeg    . . .      Spirit   .   c - +0 chain mail
rPois   .          Reflect  .   (helmet restricted)
rElec   .          Harm     .   g - +0 cloak
rCorr   .          Rampage  .   (no gloves)
Will    .....                   (boots unavailable)
Stlth   ..........              (no amulet)
HPRegen 0.11/turn               l - ring of see invisible
MPRegen 0.12/turn               (no ring)

@: flying quickly and evasively, heavily drained, quick
A: beak, talons 3, nimble flight
a: no special abilities


You were on level 5 of the Dungeon.
You visited 1 branch of the dungeon, and saw 5 of its levels.

You collected 235 gold pieces.
You spent 90 gold pieces at shops.


Innate Abilities, Weirdness & Mutations

You have a beak for a mouth.
You have claws for feet.
Your magical nature lets you fly swiftly and evasively.


   Skills:
 - Level 3.1 Fighting
 + Level 7.9 Axes
 - Level 1.0 Throwing
 - Level 3.2 Armour
 - Level 2.1 Dodging
 - Level 2.0 Spellcasting
 - Level 2.4 Translocations


You had 10 spell levels left.
You didn't know any spells.
Your spell library contained the following spells:

 Spells                   Type           Power      Damage    Failure   Level
 Blink                    Tloc           14%        N/A       98%         2
 Gell's Gravitas          Tloc           7%         N/A       100%        3
 Lesser Beckoning         Tloc           7%         N/A       100%        3
 Teleport Other           Tloc           7%         N/A       100%        3
 Manifold Assault         Tloc           7%         N/A       100%        5

Inventory:

Hand Weapons
 b - a +0 morningstar
 Y - a +1 hand axe (weapon)
Missiles
 f - 2 boomerangs (quivered)
Armour
 c - a +0 chain mail (worn)
 g - a +0 cloak (worn)
Jewellery
 l - a ring of see invisible (left hand)
Scrolls
 j - 3 scrolls of teleportation
 k - a scroll of identify
Potions
 a - a potion of curing
 d - a potion of degeneration {unknown}
 e - 3 potions of haste
 h - a potion of magic {unknown}
 i - a potion of berserk rage {unknown}

Dungeon Overview and Level Annotations

Branches:
Dungeon (5/15)
 Temple: D:4-7

Altars:
Kikubaaqudgha
Xom

Shops:
D:4 *

Annotations:
D:5 Duvessa


Message History

Press: ? - help, Q - select action Shift-Dir - straight line, f - Duvessa You throw a boomerang.
The boomerang hits Duvessa.
Duvessa is lightly wounded.
Throw: 3 boomerangs
Press: ? - help, Q - select action Shift-Dir - straight line, f/p - Duvessa You throw a boomerang.
The boomerang closely misses Duvessa.
Throw: 3 boomerangs
Press: ? - help, Q - select action Shift-Dir - straight line, f/p - Duvessa You throw a boomerang.
The boomerang barely misses Duvessa.
Throw: 2 boomerangs
Press: ? - help, Q - select action Shift-Dir - straight line, f/p - Duvessa You throw a boomerang.
The boomerang hits Duvessa but does no damage.
Duvessa is lightly wounded.
You closely miss Duvessa. You peck Duvessa, but do no damage.
Duvessa is lightly wounded.
Duvessa hits you with a +4 rapier of draining.
You feel drained.
You barely miss Duvessa. You claw Duvessa, but do no damage.
You peck Duvessa, but do no damage.
Duvessa is lightly wounded.
You hit Duvessa but do no damage. You claw Duvessa.
Duvessa is lightly wounded.
Duvessa hits you with a +4 rapier of draining.
You feel drained.
You hit Duvessa. You claw Duvessa.
Duvessa is moderately wounded.
Duvessa hits you with a +4 rapier of draining!
You feel drained.
You hit Duvessa but do no damage.
Duvessa is moderately wounded.
Duvessa hits you but does no damage.
You feel drained.
You closely miss Duvessa. You claw Duvessa.
Duvessa is moderately wounded.
Duvessa hits you with a +4 rapier of draining.
You feel drained.
You barely miss Duvessa. You claw Duvessa.
Duvessa is heavily wounded.
Duvessa hits you with a +4 rapier of draining!
You die...

# ##.###
#.....##
##..?...##
#......@.#
#.....e...#
...........#
............#
............#
............#
........<....
.............#


You could see Duvessa.

Vanquished Creatures
  An ice beast (D:4)
  A black bear (D:4)
  2 phantoms (D:4)
  A kobold brigand (D:3)
  2 orc priests (D:4)
  An iguana (D:2)
  An orc wizard (D:4)
  A gnoll (D:1)
  4 adders
  4 dart slugs
  16 orcs
  4 ball pythons
  3 bat zombies (D:4)
  3 endoplasms
  4 giant cockroaches
  7 goblins
  4 hobgoblins
  4 jackals (D:2)
  5 quokkas
  2 bats
  5 frilled lizards
  6 kobolds
  3 rats
84 creatures vanquished.

Notes
Turn   | Place    | Note
-------+----------+-------------------------------------------
     0 | D:1      | qw the Tengu Warper began the quest for the Orb.
     0 | D:1      | Reached XP level 1. HP: 12/12 MP: 4/4
     0 | D:1      | 0 ||| qw: Version: 0.1-a-89-g26bdef1
     0 | D:1      | 0 ||| qw: Game counter: 3444
     0 | D:1      | 0 ||| qw: Always use a shield: true
     0 | D:1      | 0 ||| qw: God list: Okawaru
     0 | D:1      | 0 ||| qw: Allow faded altars: false
     0 | D:1      | 0 ||| qw: Do Orc after D:15 true
     0 | D:1      | 0 ||| qw: Do second Lair branch before Depths: true
     0 | D:1      | 0 ||| qw: Lair rune preference: random
     0 | D:1      | 0 ||| qw: Plans: Normal
     0 | D:1      | 0 ||| PLANNING D:1-11
    24 | D:1      | 24 ||| Stepping ~*~*~tactically~*~*~ (stealth).
    25 | D:1      | 25 ||| Stepping ~*~*~tactically~*~*~ (stealth).
    27 | D:1      | 27 ||| Stepping ~*~*~tactically~*~*~ (stealth).
    28 | D:1      | 28 ||| Stepping ~*~*~tactically~*~*~ (stealth).
    30 | D:1      | 30 ||| Stepping ~*~*~tactically~*~*~ (stealth).
    77 | D:1      | 77 ||| Stepping ~*~*~tactically~*~*~ (stealth).
    86 | D:1      | Reached skill level 3 in Axes
    86 | D:1      | Reached XP level 2. HP: 17/17 MP: 6/6
   484 | D:1      | Reached XP level 3. HP: 13/21 MP: 7/7
   629 | D:1      | 629 ||| Stepping ~*~*~tactically~*~*~ (stealth).
   630 | D:1      | 630 ||| Stepping ~*~*~tactically~*~*~ (stealth).
   635 | D:1      | 635 ||| DROPPING +0 club.
   885 | D:1      | 885 ||| UPGRADING to +0 cloak.
   890 | D:1      | 890 ||| READING scroll labelled KENUOD RIRE.
  1006 | D:1      | 1006 ||| DROPPING scroll of blinking.
  1053 | D:2      | Reached skill level 4 in Axes
  1159 | D:2      | 1159 ||| Stepping ~*~*~tactically~*~*~ (stealth).
  1363 | D:2      | Identified the +3 battleaxe of Extinguishment {venom, rF-
                  | rCorr Int+4}
  1751 | D:2      | 1751 ||| Stepping ~*~*~tactically~*~*~ (hiding).
  1767 | D:2      | Reached XP level 4. HP: 26/26 MP: 8/8
  2227 | D:2      | 2227 ||| READING scroll labelled WUEFFU JIUN.
  2228 | D:2      | 2228 ||| READING scroll labelled JUFAICYTEI.
  2237 | D:3      | 2237 ||| STAIRDANCE
  2247 | D:2      | Reached skill level 5 in Axes
  2359 | D:3      | 2359 ||| STAIRDANCE
  2471 | D:3      | 2471 ||| STAIRDANCE
  2670 | D:3      | 2670 ||| FLEEEEING.
  2671 | D:3      | 2671 ||| FLEEEEING.
  2672 | D:3      | 2672 ||| FLEEEEING.
  2673 | D:3      | 2673 ||| FLEEEEING.
  2674 | D:3      | 2674 ||| FLEEEEING.
  2675 | D:3      | 2675 ||| FLEEEEING.
  2676 | D:3      | 2676 ||| FLEEEEING.
  2677 | D:3      | 2677 ||| FLEEEEING.
  2678 | D:3      | 2678 ||| FLEEEEING.
  2679 | D:3      | 2679 ||| FLEEEEING.
  2683 | D:3      | 2683 ||| STAIRDANCE
  2841 | D:2      | 2841 ||| UPGRADING to +0 chain mail.
  2851 | D:2      | 2851 ||| DROPPING +0 leather armour.
  2852 | D:2      | 2852 ||| READING scroll labelled PILATROTAE.
  2853 | D:2      | 2853 ||| DRINKING 2 fizzy dark potions.
  2856 | D:3      | 2856 ||| STAIRDANCE
  2861 | D:2      | Gained mutation: Your magical nature lets you fly swiftly
                  | and evasively. [Tengu growth]
  2861 | D:2      | Reached XP level 5. HP: 30/30 MP: 9/9
  3086 | D:3      | Noticed a kobold brigand
  3100 | D:3      | Killed a kobold brigand
  3101 | D:3      | Reached skill level 3 in Armour
  3312 | D:4      | 3312 ||| Stepping ~*~*~tactically~*~*~ (stealth).
  3314 | D:4      | 3314 ||| Stepping ~*~*~tactically~*~*~ (stealth).
  3318 | D:4      | 3318 ||| Stepping ~*~*~tactically~*~*~ (stealth).
  3319 | D:4      | 3319 ||| STAIRDANCE
  3328 | D:4      | 3328 ||| STAIRDANCE
  3407 | D:4      | 3407 ||| DROPPING +0 flail.
  3416 | D:4      | Noticed a phantom
  3423 | D:4      | Found Soefrusu's General Store.
  3427 | D:4      | Killed a phantom
  3428 | D:4      | Reached skill level 6 in Axes
  3428 | D:4      | Reached XP level 6. HP: 33/35 MP: 10/10
  3446 | D:4      | 3446 ||| BUYING scroll of teleportation (30 gold).
  3446 | D:4      | Bought a scroll of teleportation for 30 gold pieces
  3446 | D:4      | 3446 ||| BUYING scroll of teleportation (30 gold).
  3446 | D:4      | Bought a scroll of teleportation for 30 gold pieces
  3446 | D:4      | 3446 ||| BUYING scroll of teleportation (30 gold).
  3446 | D:4      | Bought a scroll of teleportation for 30 gold pieces
  3538 | D:4      | HP: 7/35 [orc/+0 club (3)]
  3539 | D:4      | 3539 ||| READING 3 scrolls of teleportation.
  3540 | D:4      | HP: 3/35 [orc/+0 club (4)]
  3541 | D:4      | HP: 1/35 [orc/+0 club (3)]
  3881 | D:4      | Noticed a black bear
  3886 | D:4      | 3886 ||| Stepping ~*~*~tactically~*~*~ (stealth).
  3887 | D:4      | Killed a black bear
  3888 | D:4      | Reached skill level 7 in Axes
  3927 | D:4      | Noticed an ice beast
  3942 | D:4      | Killed an ice beast
  3943 | D:4      | Reached skill level 3 in Fighting
  3943 | D:4      | Reached XP level 7. HP: 41/41 MP: 11/11
  3946 | D:4      | Found a shimmering altar of Xom.
  3967 | D:4      | 3967 ||| Stepping ~*~*~tactically~*~*~ (stealth).
  3968 | D:4      | 3968 ||| Stepping ~*~*~tactically~*~*~ (stealth).
  4092 | D:4      | 4092 ||| Stepping ~*~*~tactically~*~*~ (stealth).
  4094 | D:4      | 4094 ||| Stepping ~*~*~tactically~*~*~ (hiding).
  4098 | D:4      | 4098 ||| Stepping ~*~*~tactically~*~*~ (hiding).
  4099 | D:4      | 4099 ||| Stepping ~*~*~tactically~*~*~ (hiding).
  4202 | D:4      | 4202 ||| Stepping ~*~*~tactically~*~*~ (stealth).
  4360 | D:4      | Found an ancient bone altar of Kikubaaqudgha.
  4737 | D:4      | 4737 ||| UPGRADING to ring of see invisible.
  4738 | D:4      | 4738 ||| READING scroll labelled JATWIMMOUS.
  4739 | D:4      | 4739 ||| READING scroll labelled JIGUER KIAP.
  4740 | D:4      | 4740 ||| DRINKING 2 yellow potions.
  4746 | D:5      | Entered Level 5 of the Dungeon
  4746 | D:5      | Noticed Duvessa
  4758 | D:5      | Slain by Duvessa

Levels and vault maps discovered:
D:1:      minmay_arrival_three_doors, layout_loops_cross
D:2:      layout_basic, chequers_serial_rivers_room_b, minmay_tree_intersection,
          lightli_corner_chamber
D:3:      layout_rooms
D:4:      layout_loops_cross, mainiacjoe_overflow_small_starburst,
          lemuel_zombie_altar_kikubaaqudgha, serial_shops, shop, minivault_5
D:5:      layout_cave_pods, uniq_duvessa

Skill      XL: |  1  2  3  4  5  6 |
---------------+-------------------+-----
Axes           | 3 4 5 6 7 |  7.9
Armour         | 3 |  3.2
Fighting       | 3 |  3.1
Throwing       | |  1.0
Dodging        | |  2.1
Spellcasting   | |  2.0
Translocations | |  2.4

Action                   |  1- 3 |  4- 6 |  7- 9 || total
-------------------------+-------+-------+-------++-------
Melee: Hand axe          |    75 |   123 |    39 ||   237
       Kick              |    18 |    35 |    11 ||    64
       Peck              |     9 |    23 |     5 ||    37
       Punch             |       |     1 |       ||     1
Throw: Boomerang         |     7 |     2 |    17 ||    26
  Use: Scroll            |     1 |     4 |     2 ||     7
       Potion            |       |     1 |     1 ||     2
Armor: Leather armour    |    21 |    10 |       ||    31
       Chain mail        |       |    43 |    12 ||    55
Dodge: Dodged            |    35 |    70 |    10 ||   115

Table legend:
 A = Non-vault XP
 B = Vault XP
 C = Vault XP percentage of total XP
 D = Non-vault monster count
 E = Vault monster count
 F = Vault count percentage of total count
                 A         B        C        D         E       F
            +---------+---------+-------+---------+---------+-------
      Total |     929 |       6 |   0.6 |      81 |       3 |   3.6
            +---------+---------+-------+---------+---------+-------
        D:1 |      40 |       0 |   0.0 |      17 |       0 |   0.0
        D:2 |     114 |       0 |   0.0 |      23 |       0 |   0.0
        D:3 |     137 |       0 |   0.0 |      16 |       0 |   0.0
        D:4 |     638 |       6 |   0.9 |      25 |       3 |  10.7
            +---------+---------+-------+---------+---------+-------
